3AAA
RAPPAHANNOCK PARTISANS @ AUGUSTA TIMBER HAWKS
09/18/2019
 
TOP OF THE 1ST
Rappahannock Partisans batting - Pitching for Augusta Timber Hawks : RHP Henri Pollini
Pitching: RHP Henri Pollini
Batting: RHB Kyle Dempsey 0-0: Called Strike
0-1: Foul Ball, location: 2F
0-2: Ball
1-2: Ball
2-2: Ball
3-2: SINGLE (Groundball, 56D)
Batting: RHB Jesús Murillo 0-0: Foul Ball, location: 2F
0-1: Ball
1-1: Ball
2-1: Ball
3-1: Called Strike
3-2: Base on Balls
Kyle Dempsey to second
Batting: RHB Tom Baker 0-0: Foul Ball, location: 2F
0-1: Ball
1-1: Swinging Strike
1-2: Foul Ball, location: 2F
1-2: Ball
2-2: Foul Ball, location: 2F
2-2: Ground out 4-3 (Groundball, 13)
Kyle Dempsey to third
Jesús Murillo to second
Batting: LHB Robert Bond 0-0: SINGLE (Line Drive, 4MD)
Kyle Dempsey scores
Jesús Murillo to third
Batting: RHB San-gui Liang 0-0: Foul Ball, location: 2F
0-1: Ball
1-1: Foul Ball, location: 2F
1-2: Grounds into double play, 4-6-3 (Groundball, 4)
Top of the 1st over - 1 run(s), 2 hit(s), 0 error(s), 1 left on base; Rappahannock 1 - Augusta 0
BOTTOM OF THE 1ST
Augusta Timber Hawks batting - Pitching for Rappahannock Partisans : RHP Herman Barnes
Pitching: RHP Herman Barnes
Batting: RHB Billy Strauss 0-0: Swinging Strike
0-1: SINGLE (Line Drive, 89S)
Batting: RHB Tom Strickland 0-0: Foul Ball, location: 2F
0-1: Ball
1-1: Swinging Strike
1-2: Ball
2-2: Reached on error, E1 (Groundball, 23)
Billy Strauss to second
Batting: SHB Lawrence Franklin 0-0: Foul Ball, location: 2F
0-1: Ball
1-1: Called Strike
1-2: Ball
2-2: Foul Ball, location: 2F
2-2: Ball
3-2: Strikes out looking
Batting: RHB Phil Hayes 0-0: Swinging Strike
0-1: Foul Ball, location: 2F
0-2: SINGLE (Groundball, 34D)
Billy Strauss to third
Tom Strickland to second
Batting: RHB Juan Banda 0-0: Ball
1-0: Called Strike
1-1: Ball
2-1: Foul Ball, location: 2F
2-2: Strikes out swinging
Batting: SHB José Salazar 0-0: Ball
1-0: Foul Ball, location: 2F
1-1: Ball
2-1: Ball
3-1: Base on Balls
Billy Strauss scores
Tom Strickland to third
Phil Hayes to second
Batting: LHB Tomás Guillén 0-0: Ball
1-0: Fly out, F9 (Line Drive, 9D)
Bottom of the 1st over - 1 run(s), 2 hit(s), 1 error(s), 3 left on base; Rappahannock 1 - Augusta 1
TOP OF THE 2ND
Rappahannock Partisans batting - Pitching for Augusta Timber Hawks : RHP Henri Pollini
Batting: RHB Mal Phillips 0-0: SINGLE (Line Drive, 8LS)
Batting: RHB Ricardo Pérez 0-0: Ball
1-0: SINGLE (Flyball, 8RS)
Mal Phillips to second
Batting: LHB Marvin von Seydlitz 0-0: Ball
1-0: Foul Ball, location: 2F
1-1: Ball
2-1: Fly out, F3 (Line Drive, 3S)
Batting: RHB Tim Wilson 0-0: Ball
1-0: Grounds into double play, 6-4-3 (Groundball, 6)
Top of the 2nd over - 0 run(s), 2 hit(s), 0 error(s), 1 left on base; Rappahannock 1 - Augusta 1
BOTTOM OF THE 2ND
Augusta Timber Hawks batting - Pitching for Rappahannock Partisans : RHP Herman Barnes
Batting: RHB Quinn Johnson 0-0: Foul Ball, location: 2F
0-1: Fly out, F8 (Flyball, 78M)
Batting: LHB Eugene Lawrence 0-0: Ball
1-0: Foul Ball, location: 2F
1-1: Called Strike
1-2: SINGLE (Groundball, 34D)
Batting: RHB Billy Strauss 0-0: Called Strike
0-1: Ball
1-1: Ball
2-1: Called Strike
2-2: Fly out, F8 (Flyball, 89M)
Batting: RHB Tom Strickland 0-0: Ball
1-0: Called Strike
1-1: Foul Ball, location: 2F
1-2: Ball
2-2: Fly out, F9 (Flyball, 9LM)
Bottom of the 2nd over - 0 run(s), 1 hit(s), 0 error(s), 1 left on base; Rappahannock 1 - Augusta 1
TOP OF THE 3RD
Rappahannock Partisans batting - Pitching for Augusta Timber Hawks : RHP Henri Pollini
Batting: RHB Kyle Dempsey 0-0: Called Strike
0-1: Ball
1-1: Foul Ball, location: 2F
1-2: Fly out, F9 (Flyball, 9M)
Batting: RHB Jesús Murillo 0-0: Swinging Strike
0-1: Called Strike
0-2: Foul Ball, location: 2F
0-2: Strikes out swinging
Batting: RHB Tom Baker 0-0: Ball
1-0: Called Strike
1-1: Ball
2-1: Fly out, F9 (Flyball, 89M)
Top of the 3rd over - 0 run(s), 0 hit(s), 0 error(s), 0 left on base; Rappahannock 1 - Augusta 1
BOTTOM OF THE 3RD
Augusta Timber Hawks batting - Pitching for Rappahannock Partisans : RHP Herman Barnes
Batting: SHB Lawrence Franklin 0-0: Ball
1-0: Called Strike
1-1: Swinging Strike
1-2: Ground out 4-3 (Groundball, 4)
Batting: RHB Phil Hayes 0-0: Swinging Strike
0-1: Swinging Strike
0-2: Ball
1-2: SINGLE (Line Drive, 4MD)
Batting: RHB Juan Banda 0-0: Ball
1-0: Ball
2-0: Ball
3-0: Called Strike
3-1: Called Strike
3-2: SINGLE (Groundball, 6MD)
Phil Hayes to second
Batting: SHB José Salazar 0-0: Ball
1-0: Called Strike
1-1: Called Strike
1-2: Foul Ball, location: 2F
1-2: Foul Ball, location: 2F
1-2: Foul Ball, location: 2F
1-2: Grounds into double play, 6-4-3 (Groundball, 6M)
Bottom of the 3rd over - 0 run(s), 2 hit(s), 0 error(s), 1 left on base; Rappahannock 1 - Augusta 1
TOP OF THE 4TH
Rappahannock Partisans batting - Pitching for Augusta Timber Hawks : RHP Henri Pollini
Batting: LHB Robert Bond 0-0: Fly out, F7 (Popup, 56D)
Batting: RHB San-gui Liang 0-0: Called Strike
0-1: Ball
1-1: Fly out, F3 (Popup, 34)
Batting: RHB Mal Phillips 0-0: Ball
1-0: Swinging Strike
1-1: Fly out, F8 (Flyball, 8RM)
Top of the 4th over - 0 run(s), 0 hit(s), 0 error(s), 0 left on base; Rappahannock 1 - Augusta 1
BOTTOM OF THE 4TH
Augusta Timber Hawks batting - Pitching for Rappahannock Partisans : RHP Herman Barnes
Batting: LHB Tomás Guillén 0-0: Called Strike
0-1: Ball
1-1: Swinging Strike
1-2: Ball
2-2: Ball
3-2: Foul Ball, location: 2F
3-2: SOLO HOME RUN (Flyball, 89XD), Distance : 439 ft
Batting: RHB Quinn Johnson 0-0: Swinging Strike
0-1: Ball
1-1: Fly out, F6 (Line Drive, 6)
Batting: LHB Eugene Lawrence 0-0: Ball
1-0: Ball
2-0: Fly out, F9 (Flyball, 89XD)
Batting: RHB Billy Strauss 0-0: Ball
1-0: Ground out 6-3 (Groundball, 6)
Bottom of the 4th over - 1 run(s), 1 hit(s), 0 error(s), 0 left on base; Rappahannock 1 - Augusta 2
TOP OF THE 5TH
Rappahannock Partisans batting - Pitching for Augusta Timber Hawks : RHP Henri Pollini
Batting: RHB Ricardo Pérez 0-0: Ball
1-0: SINGLE (Groundball, 56D)
Batting: LHB Marvin von Seydlitz 0-0: Swinging Strike
0-1: Called Strike
0-2: Strikes out swinging
Batting: RHB Tim Wilson 0-0: Ball
1-0: Swinging Strike
1-1: Called Strike
1-2: Ball
2-2: Ball
3-2: Strikes out looking
Batting: RHB Kyle Dempsey 0-0: Ball
1-0: Swinging Strike
1-1: Ball
2-1: Swinging Strike
2-2: Ball
3-2: Fly out, F7 (Flyball, 7M)
Top of the 5th over - 0 run(s), 1 hit(s), 0 error(s), 1 left on base; Rappahannock 1 - Augusta 2
BOTTOM OF THE 5TH
Augusta Timber Hawks batting - Pitching for Rappahannock Partisans : RHP Herman Barnes
Batting: RHB Tom Strickland 0-0: Ground out 5-3 (Groundball, 5S)
Batting: SHB Lawrence Franklin 0-0: Called Strike
0-1: Ball
1-1: Ball
2-1: SINGLE (Line Drive, 4MD)
Batting: RHB Phil Hayes 0-0: Called Strike
0-1: Foul Ball, location: 2F
0-2: Strikes out swinging
Batting: RHB Juan Banda 0-0: Ball
Lawrence Franklin steals 2nd base
1-0: Ball
2-0: Swinging Strike
2-1: Ball
3-1: Foul Ball, location: 2F
3-2: Base on Balls
Batting: SHB José Salazar 0-0: Foul Ball, location: 2F
0-1: Ball
1-1: Ball
2-1: Ball
3-1: Swinging Strike
3-2: Foul Ball, location: 2F
3-2: Base on Balls
Lawrence Franklin to third
Juan Banda to second
Batting: LHB Tomás Guillén 0-0: Swinging Strike
0-1: Ball
1-1: Ball
2-1: DOUBLE (Line Drive, 89XD)
Lawrence Franklin scores
Juan Banda scores
José Salazar to third
Batting: RHB Quinn Johnson 0-0: Ball
1-0: Fly out, F9 (Flyball, 9M)
Bottom of the 5th over - 2 run(s), 2 hit(s), 0 error(s), 2 left on base; Rappahannock 1 - Augusta 4
TOP OF THE 6TH
Rappahannock Partisans batting - Pitching for Augusta Timber Hawks : RHP Henri Pollini
Batting: RHB Jesús Murillo 0-0: Called Strike
0-1: Ball
1-1: Bunted foul
1-2: Foul Ball, location: 2F
1-2: Foul Ball, location: 2F
1-2: SOLO HOME RUN (Flyball, 7D), Distance : 420 ft
Batting: RHB Tom Baker 0-0: Called Strike
0-1: Ground out 6-3 (Groundball, 6M)
Batting: LHB Robert Bond 0-0: Ball
1-0: Ball
2-0: Called Strike
2-1: Foul Ball, location: 2F
2-2: Foul Ball, location: 2F
2-2: Ground out 4-3 (Groundball, 4)
Batting: RHB San-gui Liang 0-0: Swinging Strike
0-1: Swinging Strike
0-2: Ball
1-2: Strikes out swinging
Top of the 6th over - 1 run(s), 1 hit(s), 0 error(s), 0 left on base; Rappahannock 2 - Augusta 4
BOTTOM OF THE 6TH
Augusta Timber Hawks batting - Pitching for Rappahannock Partisans : RHP Herman Barnes
Batting: LHB Eugene Lawrence 0-0: Foul Ball, location: 2F
0-1: Called Strike
0-2: Ball
1-2: Ball
2-2: Ball
3-2: Fly out, F8 (Flyball, 8RM)
Batting: RHB Billy Strauss 0-0: Fly out, F3 (Popup, 3DF)
Batting: RHB Tom Strickland 0-0: Foul Ball, location: 2F
0-1: SINGLE (Groundball, 3)
Pitching: RHP Mark Walker
Batting: SHB Lawrence Franklin 0-0: Foul Ball, location: 2F
0-1: Foul Ball, location: 2F
0-2: Strikes out swinging
Bottom of the 6th over - 0 run(s), 1 hit(s), 0 error(s), 1 left on base; Rappahannock 2 - Augusta 4
TOP OF THE 7TH
Rappahannock Partisans batting - Pitching for Augusta Timber Hawks : RHP Henri Pollini
Batting: RHB Mal Phillips 0-0: Swinging Strike
0-1: Ball
1-1: Ball
2-1: Called Strike
2-2: Strikes out swinging
Batting: RHB Ricardo Pérez 0-0: Called Strike
0-1: DOUBLE (Flyball, 8LD)
Batting: LHB Marvin von Seydlitz 0-0: Ball
1-0: Ball
2-0: Fly out, F8 (Flyball, 8LM)
Batting: RHB Tim Wilson 0-0: Ground out 6-3 (Groundball, 6MS)
Top of the 7th over - 0 run(s), 1 hit(s), 0 error(s), 1 left on base; Rappahannock 2 - Augusta 4
BOTTOM OF THE 7TH
Augusta Timber Hawks batting - Pitching for Rappahannock Partisans : RHP Mark Walker
Batting: RHB Phil Hayes 0-0: Ball
1-0: Ball
2-0: Ground out 5-3 (Groundball, 5S)
Batting: RHB Juan Banda 0-0: Ball
1-0: Ball
2-0: DOUBLE (Line Drive, 7LD)
Batting: SHB José Salazar 0-0: Fly out, F4 (Line Drive, 4)
Batting: LHB Tomás Guillén 0-0: Foul Ball, location: 2F
0-1: Foul Ball, location: 2F
0-2: Ball
1-2: Strikes out swinging
Bottom of the 7th over - 0 run(s), 1 hit(s), 0 error(s), 1 left on base; Rappahannock 2 - Augusta 4
TOP OF THE 8TH
Rappahannock Partisans batting - Pitching for Augusta Timber Hawks : RHP Henri Pollini
Batting: RHB Kyle Dempsey 0-0: Ball
1-0: Ground out 5-3 (Groundball, 5S)
Batting: RHB Jesús Murillo 0-0: Swinging Strike
0-1: Foul Ball, location: 2F
0-2: Ball
1-2: Ball
2-2: Strikes out swinging
Batting: RHB Tom Baker 0-0: Ball
1-0: Swinging Strike
1-1: Ball
2-1: Ball
3-1: Ground out 4-3 (Groundball, 4)
Top of the 8th over - 0 run(s), 0 hit(s), 0 error(s), 0 left on base; Rappahannock 2 - Augusta 4
BOTTOM OF THE 8TH
Augusta Timber Hawks batting - Pitching for Rappahannock Partisans : RHP Mark Walker
Batting: RHB Quinn Johnson 0-0: Ball
1-0: Called Strike
1-1: Ball
2-1: Ground out 5-3 (Groundball, 5S)
Batting: LHB Eugene Lawrence 0-0: Ball
1-0: Foul Ball, location: 2F
1-1: Ball
2-1: Called Strike
2-2: Ball
3-2: Base on Balls
Batting: RHB Billy Strauss 0-0: Ball
Eugene Lawrence is caught stealing 2nd base
1-0: Ground out 1-3 (Groundball, 15)
Bottom of the 8th over - 0 run(s), 0 hit(s), 0 error(s), 0 left on base; Rappahannock 2 - Augusta 4
TOP OF THE 9TH
Rappahannock Partisans batting - Pitching for Augusta Timber Hawks : RHP Henri Pollini
Pitching: RHP César Galló
Batting: LHB Robert Bond 0-0: Ball
1-0: Called Strike
1-1: Ball
2-1: Foul Ball, location: 2F
2-2: Ball
3-2: Strikes out swinging
Batting: RHB San-gui Liang 0-0: Called Strike
0-1: Ball
1-1: Ball
2-1: Ball
3-1: Base on Balls
Batting: RHB Mal Phillips 0-0: Swinging Strike
0-1: Ball
1-1: Fly out, F7 (Line Drive, 7M)
Pinch Runner at 1st José Masaferro:
Batting: RHB Ricardo Pérez 0-0: Ball
1-0: Ball
2-0: Fly out, F9 (Line Drive, 89S)
Top of the 9th over - 0 run(s), 0 hit(s), 0 error(s), 1 left on base; Rappahannock 2 - Augusta 4
This league is powered by Out of the Park Baseball, the baseball management simulation game for PC, Mac and Linux
Saturday, July 25th, 2015 - OOTP Baseball 15.6 Build 34